 Dungeon Crawl Stone Soup version 0.31-a0-174-g85c54bcb58 (webtiles) character file.

Game seed: 5558472855099222060

19303 Moral the Fighter (level 12, -5/116 HPs)
             Began as a Minotaur Fighter on June 16, 2023.
             Was an Elder of Makhleb.
             Slain by a black mamba (9 damage)
             ... on level 1 of the Snake Pit.
             The game lasted 00:51:34 (13595 turns).

Moral the Fighter (Minotaur Fighter)               Turns: 13595, Time: 00:51:39

Health: -5/116     AC: 18    Str: 30    XL:     12   Next: 35%
Magic:  0/16       EV:  8    Int:  7    God:    Makhleb [****..]
Gold:   631        SH:  0    Dex: 12    Spells: 11/11 levels left

rFire   . . .        G - +10 battleaxe of the Teaching Eel {freeze, Int+2}
rCold   . . .        (shield currently unavailable)
rNeg    . . .        y - +0 plate armour
rPois   .            (helmet restricted)
rElec   .            B - scarf {repulsion}
rCorr   .            (no gloves)
SInv    .            (no boots)
Will    .....        h - amulet of guardian spirit Stlth
                     c - +4 ring of protection
HPRegen 0.39/turn    s - +6 ring of strength
MPRegen 0.15/turn

%: repel missiles, guardian spirit
@: no status effects
A: horns 2, retaliatory headbutt
a: Renounce Religion, Minor Destruction, Lesser Servant of Makhleb, Major
Destruction


You were on level 1 of the Snake Pit.
You worshipped Makhleb.
Makhleb was greatly pleased with you.
You visited 4 branches of the dungeon, and saw 13 of its levels.
You also visited: Ossuary and Bailey.

You collected 631 gold pieces.

Inventory:

Hand Weapons
 G - the +10 battleaxe of the Teaching Eel (weapon) {freeze, Int+2}
   (You acquired it in a bailey)

   Int:       It affects your intelligence (+2).
Missiles
 t - 2 throwing nets
Armour
 y - a +0 plate armour (worn)
 B - a scarf of repulsion (worn)
Jewellery
 c - a +4 ring of protection (left hand)
 g - a ring of positive energy
 h - an amulet of guardian spirit (around neck)
 s - a +6 ring of strength (right hand)
 v - a ring of protection from fire
 I - an amulet of regeneration
Wands
 b - a wand of mindburst (13)
 r - a wand of light (5)
 D - a wand of iceblast (15)
 J - a wand of charming (6)
Scrolls
 e - 3 scrolls of immolation
 i - a scroll of amnesia
 k - 4 scrolls of fear
 n - 3 scrolls of fog
 o - 6 scrolls of teleportation
 q - 2 scrolls of blinking
 H - 4 scrolls of identify
 K - a scroll of revelation
 L - a scroll of enchant weapon
Potions
 a - 2 potions of attraction {unknown}
 d - 2 potions of might
 f - 3 potions of curing
 j - 4 potions of degeneration {unknown}
 l - a potion of lignification {unknown}
 m - 4 potions of heal wounds {unknown}
 p - a potion of enlightenment {unknown}
 u - a potion of invisibility {unknown}
 w - 2 potions of haste {unknown}
 z - 2 potions of cancellation {unknown}
 A - a potion of berserk rage {unknown}
 C - a potion of brilliance {unknown}
 E - 2 potions of experience {unknown}
 F - a potion of mutation {unknown}
Miscellaneous
 x - a phantom mirror (inert)


   Skills:
 * Level 13.9 Fighting
 * Level 13.6 Axes
 + Level 10.6 Armour
 - Level 8.9 Shields
 + Level 7.6 Invocations


You had 11 spell levels left.
You didn't know any spells.
Your spell library contained the following spells:

 Spells                   Type           Power      Damage    Failure   Level
 Sandblast                Erth           0%         2d4       97%         1
 Blink                    Tloc           0%         N/A       99%         2
 Lesser Beckoning         Tloc           0%         N/A       99%         2
 Momentum Strike          Conj/Tloc      0%         3d8       99%         2
 Passwall                 Tmut/Erth      0%         N/A       99%         2
 Call Canine Familiar     Summ           0%         N/A       100%        3
 Frozen Ramparts          Ice            0%         1d1       100%        3
 Ozocubu's Armour         Ice            0%         N/A       100%        3
 Portal Projectile        Hex/Tloc       0%         N/A       100%        3
 Stone Arrow              Conj/Erth      0%         3d7       100%        3
 Vhi's Electric Charge    Tloc/Air       0%         N/A       100%        3
 Ice Form                 Ice/Tmut       0%         N/A       100%        4
 Leda's Liquefaction      Hex/Erth       0%         N/A       100%        4
 Petrify                  Tmut/Erth      0%         N/A       100%        4
 Summon Ice Beast         Ice/Summ       0%         N/A       100%        4
 Arcjolt                  Conj/Air       0%         1d10      100%        5
 Metabolic Englaciation   Hex/Ice        0%         N/A       100%        5
 Conjure Ball Lightning   Conj/Air       0%         3x3d6     100%        6
 Plasma Beam              Fire/Air       0%         2x1d10    100%        6
 Statue Form              Tmut/Erth      0%         N/A       100%        6
 Ozocubu's Refrigeration  Ice            0%         4d7       100%        7
 Discord                  Hex            0%         N/A       100%        8
 Disjunction              Tloc           0%         N/A       100%        8
 Maxwell's Capacitive Co  Air            0%         ∞         100%        8


Dungeon Overview and Level Annotations

Branches:
Dungeon (9/15)             Temple (0/1) D:5            Lair (2/5) D:9
 Shoals (1/4) Lair:2        Snake (1/4) Lair:2      Ossuary (visited)
 Bailey (visited)
    Orc: D:9-12

Altars:
Cheibriados
Fedhas
Hepliaklqana
Kikubaaqudgha
Makhleb
Ru
Wu Jian
Xom
Yredelemnul
Zin
The Shining One

Annotations:
Lair:1 exclusion: oklob plant


Innate Abilities, Weirdness & Mutations

You have a pair of horns on your head.
You reflexively headbutt those who attack you in melee.


Message History

Aim: a black mamba (chance to affect: 64%)
The black mamba struggles to resist.
The black mamba barely misses you. You furiously retaliate!
You headbutt the black mamba.
Aiming: Phantom Mirror
Press: ? - help, Dir - move target, f/p - black mamba
Aim: a black mamba (lightly wounded)
You reflect the black mamba with the mirror!
The mirror clouds!
The black mamba closely misses you.
Your black mamba completely misses the black mamba.
The black mamba bites you.
* * * LOW HITPOINT WARNING * * *
Your black mamba bites the black mamba!
The black mamba is poisoned.
Your black mamba poisons the black mamba!
You miss the black mamba.
The black mamba is moderately wounded.
Your black mamba misses the black mamba.
The black mamba bites you.
* * * LOW HITPOINT WARNING * * *
You completely miss the black mamba.
The black mamba is moderately wounded.
Your black mamba closely misses the black mamba.
The black mamba bites you!
* * * LOW HITPOINT WARNING * * *
You are lethally poisoned!
The black mamba poisons you! The black mamba bites you!
* * * LOW HITPOINT WARNING * * *
Your black mamba bites the black mamba.
You feel better.
Your black mamba bites the black mamba.
The black mamba bites you!
* * * LOW HITPOINT WARNING * * *
Your black mamba bites the black mamba.
The black mamba bites you but does no damage.
You don't have enough health at the moment.
Aiming: Minor Destruction (0% risk of failure)
Press: ? - help, Shift-Dir - straight line, f/p - black mamba
Aim: a black mamba (heavily wounded, very poisoned, ally target)
The puff of flame misses the black mamba.
Your black mamba closely misses the black mamba.
The black mamba bites you!
You die...

##.####....# #
###..##...(## #
#.#...#....# ##
#.##..#...### ###)
#...........#######...
##............##......
##.......###...........
#.##....## ###......#..
####.S@## ##.....#..
#...S## ##....#..
##...# #....... #..##
##...... #.## #......
#..### #...... ###..#
##..# .....


You could see a black mamba (very poisoned, ally target) and a friendly black
mamba (summoned, drained).

Vanquished Creatures
  An orc warlord (Bailey)
  A two-headed ogre (D:9)
  An anaconda (Snake:1)
  2 shock serpents (Snake:1)
  2 mana vipers (Snake:1)
  Pikel (D:8)
  2 salamanders
  9 black mambas
  6 cane toads
  2 komodo dragons (Lair:2)
  3 merfolk (Shoals:1)
  A wyvern (Lair:2)
  A vampire (D:9)
  16 yaks
  A basilisk (Lair:2)
  A steam dragon (D:7)
  3 wargs (D:9)
  5 nagas (Snake:1)
  4 water moccasins
  4 orc warriors
  3 black bears
  An ogre (D:6)
  3 centaurs
  A lemure (D:8)
  2 kobold brigands
  7 bullfrogs
  9 scorpions (Ossuary)
  A gnoll sergeant (D:8)
  12 killer bees
  An electric eel (D:8)
  6 hounds
  2 lava snakes (Lair:2)
  4 centaur zombies (Ossuary)
  2 human zombies (Ossuary)
  3 jellies
  9 orc priests
  2 gnoll boudas
  3 iguanas
  4 orc wizards
  5 scorpion zombies (Ossuary)
  3 mummies (Ossuary)
  20 gnolls
  8 adders
  A white imp (D:7)
  An ufetubus (D:5)
  A worm zombie (D:4)
  2 worms (D:4)
  2 dart slugs
  31 orcs
  4 bats
  5 endoplasms
  6 giant cockroaches
  5 gnoll zombies
  12 goblins
  7 hobgoblins
  23 kobolds
  5 quokkas
  7 ball pythons
  A goblin zombie (Ossuary)
  2 hobgoblin zombies (Ossuary)
  3 orc zombies
  10 rats
305 creatures vanquished.

Notes
Turn   | Place    | Note
-------+----------+-------------------------------------------
     0 | D:1      | Moral the Minotaur Fighter began the quest for the Orb.
     0 | D:1      | Reached XP level 1. HP: 19/19 MP: 0/0
   104 | D:1      | Reached XP level 2. HP: 25/27 MP: 1/1
   807 | D:2      | Reached XP level 3. HP: 33/33 MP: 2/2
  1370 | D:2      | Reached XP level 4. HP: 35/40 MP: 3/3
  2406 | D:3      | Reached XP level 5. HP: 42/47 MP: 4/4
  2584 | D:4      | Found a glowing silver altar of Zin.
  2584 | D:4      | Noticed an angel
  2731 | D:4      | Found a burning altar of Makhleb.
  2734 | D:4      | Became a worshipper of Makhleb the Destroyer
  2812 | D:4      | Reached skill level 5 in Fighting
  2812 | D:4      | Reached skill level 5 in Armour
  2812 | D:4      | Reached skill level 5 in Shields
  2937 | D:4      | Found a shimmering altar of Xom.
  2939 | D:4      | Found a sand-covered staircase.
  2955 | Ossuary  | Entered an ossuary
  2971 | Ossuary  | Reached XP level 6. HP: 46/56 MP: 5/5
  3063 | Ossuary  | Reached skill level 1 in Invocations
  3268 | Ossuary  | Reached skill level 5 in Axes
  3280 | Ossuary  | Reached XP level 7. HP: 53/62 MP: 7/7
  3348 | Ossuary  | Reached * piety under Makhleb
  3414 | Ossuary  | Reached XP level 8. HP: 40/71 MP: 8/8
  4432 | D:5      | Entered Level 5 of the Dungeon
  4564 | D:5      | Found a blossoming altar of Fedhas.
  4594 | D:5      | Found a staircase to the Ecumenical Temple.
  5307 | D:6      | Found a hazy altar of Hepliaklqana.
  5456 | D:6      | Found a sacrificial altar of Ru.
  6078 | D:6      | Reached XP level 9. HP: 69/81 MP: 10/10
  6165 | D:6      | Reached ** piety under Makhleb
  7082 | D:7      | Found an ancient bone altar of Kikubaaqudgha.
  7150 | D:8      | Found an ornate altar of the Wu Jian Council.
  7403 | D:8      | Noticed Pikel
  7419 | D:8      | Killed Pikel
  7819 | D:8      | Reached XP level 10. HP: 56/93 MP: 12/12
  8129 | D:8      | Found a glowing golden altar of the Shining One.
  8129 | D:8      | Found a snail-covered altar of Cheibriados.
  8659 | D:9      | Found a flagged portal.
  8666 | D:9      | Reached *** piety under Makhleb
  8679 | Bailey   | Entered a bailey
  8700 | Bailey   | Noticed an orc warlord
  8755 | Bailey   | Reached skill level 10 in Fighting
  8775 | Bailey   | Found a runed translucent gate.
  8777 | Bailey   | Found a runed translucent gate.
  8779 | Bailey   | Found a runed translucent gate.
  8789 | Bailey   | Reached skill level 5 in Invocations
  8977 | Bailey   | Killed an orc warlord
  8978 | Bailey   | Reached skill level 10 in Axes
  9276 | Bailey   | Acquired the +10 battleaxe of the Teaching Eel {freeze,
                  | Int+2}
  9405 | D:9      | Found a basalt altar of Yredelemnul.
  9558 | D:9      | Found a staircase to the Lair.
  9691 | D:9      | Noticed a two-headed ogre
  9697 | D:9      | Killed a two-headed ogre
  9904 | D:9      | Reached **** piety under Makhleb
  9934 | D:9      | Reached XP level 11. HP: 53/102 MP: 12/14
 10536 | Lair:1   | Entered Level 1 of the Lair of Beasts
 10815 | Lair:1   | Noticed an oklob plant
 11534 | Lair:2   | Found a staircase to the Shoals.
 11543 | Shoals:1 | Entered Level 1 of the Shoals
 11557 | Shoals:1 | Noticed a merfolk aquamancer
 11564 | Shoals:1 | HP: 3/104 [rock wall collision (22)]
 12437 | Lair:2   | Found a staircase to the Snake Pit.
 12455 | Snake:1  | Entered Level 1 of the Snake Pit
 12491 | Snake:1  | Reached skill level 10 in Armour
 12534 | Snake:1  | Noticed an anaconda
 12540 | Snake:1  | Killed an anaconda
 12588 | Snake:1  | Noticed a shock serpent
 12594 | Snake:1  | Killed a shock serpent
 12595 | Snake:1  | Reached XP level 12. HP: 16/115 MP: 3/16
 13593 | Snake:1  | HP: 1/116 [black mamba (10)]
 13595 | Snake:1  | Slain by a black mamba

Illustrated notes

Levels and vault maps discovered:
D:1:      nzn_arrival_depleted_hourglass, layout_basic, serial_forest,
          infiniplex_forest_zigzag_1, infiniplex_forest_clump_C,
          infiniplex_forest_pool, infiniplex_forest_end_1,
          infiniplex_forest_lined_ring
D:2:      layout_loops_ring
D:3:      layout_loops_corners
D:4:      layout_loops_ring, mainiacjoe_overflow_tiny_flanked, zin_angel,
          kennysheep_mini, enter_ossuary_3, serial_forest,
          infiniplex_forest_clump_small, infiniplex_forest_3_way,
          infiniplex_forest_straight_2, infiniplex_forest_lined_3,
          infiniplex_forest_clump_diagonal, infiniplex_forest_clump_medium
D:5:      layout_loops_corners, fedhas_altar_3, minmay_temple_entry_nine_rooms
D:6:      layout_loops_corners, nicolae_hepliaklqana_hazy_memory,
          mainiacjoe_overflow_catwalk, hex_medium
D:7:      layout_rooms, general_overflow_altar
D:8:      layout_loops_corners, amcnicky_altar_gilded, nicolae_overflow_squiral,
          nicolae_figureground_sparkle, uniq_pikel
D:9:      wander_river, layout_grid_maze, overflow_temple_1_default,
          erik_lair_orcish_takeover, enter_bailey_3
Lair:1:   layout_hall_layers, minmay_lair_oklob_bushes
Lair:2:   layout_long_grid, shoals_dummy_entry, nicolae_snake_entry_warm_welcome
Shoals:1: layout_shoals
Snake:1:  nicolae_snake_nest, layout_layer_cave, nicolae_shop_self_help

Skill      XL: |  1  2  3  4  5  6  7  8  9 10 11 12 |
---------------+-------------------------------------+-----
Armour         | 4 5 6 7 9 10 | 10.6
Fighting       | 4 5 6 8 9 11 13 | 13.9
Shields        | 4 5 6 7 8 |  8.9
Axes           | 3 4 5 6 7 9 11 12 13 | 13.6
Invocations    | 1 2 3 4 5 7 |  7.6

Action                     |  1- 3 |  4- 6 |  7- 9 | 10-12 || total
---------------------------+-------+-------+-------+-------++-------
  Melee: War axe           |    67 |   116 |   250 |    65 ||   498
         Headbutt          |    12 |    22 |    46 |    53 ||   133
         Battleaxe         |       |       |       |   188 ||   188
 Invoke: Minor Destruction |       |       |       |     1 ||     1
  Evoke: Wand              |       |       |       |     1 ||     1
         Phantom mirror    |       |       |       |     1 ||     1
    Use: Scroll            |       |       |    16 |     8 ||    24
         Potion            |       |       |       |     4 ||     4
 Armour: Scale mail        |    36 |    41 |    80 |     1 ||   158
         Plate armour      |       |       |       |   147 ||   147
  Dodge: Dodged            |    31 |    48 |   141 |   130 ||   350
         Repelled          |       |       |     1 |     7 ||     8
  Block: Buckler           |    19 |    23 |    70 |    19 ||   131

Table legend: (Time is in decaauts)
 A = Elapsed time spent in this place.
 B = Non-inter-level travel time spent in this place.
 C = Inter-level travel time spent in this place.
 D = Time resting spent in this place.
 E = Time spent auto-exploring this place.
 F = Levels seen in this place.
 G = Mean time per level.
                   A        B        C        D        E       F      G
               +--------+--------+--------+--------+--------+-----+--------+
         Total |  13739 |  13487 |    252 |   2983 |   8004 |  15 |  915.9 |
       Dungeon |   9040 |   8809 |    231 |   1369 |   6038 |   9 | 1004.4 |
          Lair |   1906 |   1885 |     21 |    396 |   1208 |   2 |  953.0 |
        Shoals |     23 |     23 |      0 |      0 |      1 |   1 |   23.0 |
     Snake Pit |   1142 |   1142 |      0 |    465 |    516 |   1 | 1142.0 |
       Ossuary |    919 |    919 |      0 |    418 |    149 |   1 |  919.0 |
        Bailey |    707 |    707 |      0 |    335 |     92 |   1 |  707.0 |
               +--------+--------+--------+--------+--------+-----+--------+

Top non-repeatable levels by time:
     D:8: 1534 daAuts
  Lair:1: 1250 daAuts
     D:9: 1215 daAuts
     D:6: 1213 daAuts
 Snake:1: 1142 daAuts
     D:4: 971 daAuts
 Ossuary: 919 daAuts
     D:2: 917 daAuts
     D:3: 891 daAuts
     D:5: 853 daAuts
     D:1: 812 daAuts
  Bailey: 707 daAuts
  Lair:2: 656 daAuts
     D:7: 631 daAuts
Shoals:1: 23 daAuts
